 Dungeon Crawl Stone Soup version 0.20.1-1-g8b1a95d (webtiles) character file.

176 vineage the Shield-Bearer (level 5, 0/33 HPs)
             Began as a Gargoyle Fighter on Sept 2, 2017.
             Killed from afar by an orc wizard (4 damage)
             ... with a puff of flame
             ... on level 3 of the Dungeon.
             The game lasted 00:02:51 (1867 turns).

vineage the Shield-Bearer (Gargoyle Fighter)        Turns: 1867, Time: 00:02:52

Health: 0/33       AC: 15    Str: 20    XL:     5   Next: 56%
Magic:  5/5        EV:  3    Int:  8    God:
Gold:   192        SH:  9    Dex: 10    Spells: 4/4 levels left

rFire    . . .     SeeInvis .   a - +0 flail
rCold    . . .     Gourm    .   c - +0 shield
rNeg     + . .     Faith    .   k - +0 plate armour
rPois    ∞         Spirit   .   (no helmet)
rElec    +         Reflect  .   (no cloak)
rCorr    +         Harm     .   (no gloves)
MR       .....                  (no boots)
Stlth    ..........             (no amulet)
Regen    0.2/turn               h - ring of resist corrosion (curse)
MPRegen  0.1/turn               (no ring)

@: no status effects
A: negative energy resistance 1, electricity resistance, unbreathing,
petrification resistance, rot immunity, AC +4
a: no special abilities


You were on level 3 of the Dungeon.
You were hungry.

You visited 1 branch of the dungeon, and saw 3 of its levels.

You collected 192 gold pieces.

Inventory:

Hand Weapons
 a - a +0 flail (weapon)
Armour
 b - a +0 scale mail
 c - a +0 shield (worn)
 k - a +0 plate armour (worn)
Jewellery
 h - a cursed ring of resist corrosion (left hand)
Wands
 n - a wand of flame (12/48)
Scrolls
 e - 2 scrolls of identify {unknown}
 g - a scroll of fear {unknown}
 i - a scroll of random uselessness {unknown}
 m - 2 scrolls of blinking {unknown}
 p - a scroll of teleportation {unknown}
 q - a scroll of magic mapping {unknown}
Potions
 d - 2 potions of invisibility
 j - 2 potions of magic {unknown}
 l - a potion of ambrosia {unknown}
 o - a potion of haste {unknown}
 r - a potion of curing {unknown}
Comestibles
 f - 2 bread rations


   Skills:
 + Level 3.8 Fighting
 + Level 4.0 Maces & Flails
 + Level 3.9 Armour
 + Level 4.4 Shields


You had 4 spell levels left.
You didn't know any spells.

Dungeon Overview and Level Annotations

Branches:
Dungeon (3/15)

Altars:


Innate Abilities, Weirdness & Mutations

You are resistant to torment.
Your stone body is resilient. (AC +4)
You are immune to poison.
You resist negative energy. (rN+)
You are resistant to electric shocks. (rElec)
You can survive without breathing.
You are immune to petrification.
You are immune to rotting.


Message History

* * * LOW HITPOINT WARNING * * *
The orc wizard hits you but does no damage.
You miss the orc wizard.
The orc wizard is almost dead.
You block the orc wizard's attack.
You closely miss the orc wizard.
The orc wizard is almost dead.
The orc wizard hits you but does no damage.
Unknown command.
You hit the orc wizard.
The orc wizard is almost dead.
The orc wizard gestures wildly while chanting.
The orc wizard flickers and vanishes!
Deactivating autopickup; reactivate with Ctrl-A.
You miss something. Something hits you but does no damage.
You closely miss something. Something hits you but does no damage.
You hear some strange, mumbled words.
A puff of flame appears from out of thin air!
The puff of flame hits you!
You die...

###### #....# #....# #....#
#....# ######### ### #....#
#### #........ ..# #....#
#..###........ ..#####....#
#.%.##[.......
.......†...###.#@{.).......
......#........####).......
.#....########..# #........
.......... ..............
.#.#..#### #...(.........
.......# #.#######..##.
.#.#.#....# #.# ...#
..........# ##.# ..#. .#
..##...#..#)....# ..#..# .#


There were no monsters in sight!

Vanquished Creatures
  An orc priest (D:3)
  An orc wizard (D:3)
  3 adders
  An ooze (D:3)
  A worm (D:2)
  A dart slug (D:1)
  A leopard gecko (D:1)
  9 orcs (D:3)
  4 giant cockroaches
  5 hobgoblins
  3 jackals (D:3)
  2 quokkas (D:3)
  3 bats (D:2)
  6 goblins
  7 kobolds
  A rat (D:3)
49 creatures vanquished.

Vanquished Creatures (others)
  An orc wizard (D:3)
1 creature vanquished.

Grand Total: 50 creatures vanquished

Notes
Turn   | Place    | Note
-------+----------+-------------------------------------------
     0 | D:1      | vineage the Gargoyle Fighter began the quest for the Orb.
     0 | D:1      | Reached XP level 1. HP: 14/14 MP: 1/1
   170 | D:1      | Reached XP level 2. HP: 19/19 MP: 2/2
   685 | D:2      | Reached XP level 3. HP: 23/23 MP: 3/3
  1243 | D:3      | Reached XP level 4. HP: 24/28 MP: 4/4
  1259 | D:3      | Reached XP level 5. HP: 5/33 MP: 5/5
  1867 | D:3      | Killed from afar by an orc wizard

Skill      XL: |  1  2  3  4  5 |
---------------+----------------+-----
Maces & Flails | 3 4 |  4.0
Shields        | 4 |  4.4
Fighting       | |  3.8
Armour         | |  3.9

Action                   |  1- 3 |  4- 6 || total
-------------------------+-------+-------++-------
Melee: Flail             |   126 |   139 ||   265
  Use: Potion            |       |     1 ||     1
  Eat: Chunk             |     1 |     2 ||     3
Armor: Scale mail        |    11 |       ||    11
       Plate armour      |    84 |    96 ||   180
Dodge: Dodged            |    15 |    16 ||    31
Block: Shield            |    78 |    70 ||   148
